Map: [G8] Babylon

Players

Elazer

  • Race: Zerg Zerg
  • Spawn Location: 5:00

ByuN - Winner!

  • Race: Terran Terran
  • Spawn Location: 11:00

Event: Gamers8 2023

VOD

Have the link to the VOD?

Description

Time

  • Played on: Aug. 3, 2023, 9:37 a.m.
  • Length: 14:25

All games in this series

Show
View Real Time Build Order
Export as new Build Order

Elazer Zerg 

Build Orders: Hatch First 

Get SALT Encoding   

  12  0:00  Drone  
  13  0:12  Overlord  
  13  0:17  Drone  
  14  0:30  Drone x2  
  16  0:48  Hatchery  
  15  0:51  Drone  
  15  0:54  Drone  
  17  0:57  Drone  
  18  1:08  Extractor  
  17  1:13  Spawning Pool  
  17  1:16  Drone  
  17  1:20  Drone  
  18  1:28  Drone  
  19  1:38  Drone  
  20  1:52  Drone  
  21  1:59  Queen x2  
  25  2:02  Drone  
  25  2:03  Drone  
  27  2:13  Overlord, Drone  
  27  2:15  Metabolic Boost  
  28  2:28  Hatchery  
  27  2:31  Overlord  
  27  2:38  Drone  
  27  2:41  Overlord  
  28  2:51  Queen  
  28  2:53  Drone x3  
  28  2:55  Drone  
  28  2:56  Drone  
  35  3:04  Drone  
  35  3:05  Drone  
  37  3:08  Drone x3  
  40  3:15  Overlord  
  40  3:17  Queen  
  42  3:26  Queen  
  42  3:33  Drone  
  45  3:34  Drone x2  
  45  3:40  Zergling x2  
  45  3:41  Drone x4  
  52  3:42  Queen  
  52  3:44  Overlord  
  54  3:49  Drone  
  54  3:52  Drone  
  54  3:53  Queen  
  58  3:58  Overlord  
  58  4:03  Overlord  
  58  4:04  Drone x3  
  58  4:08  Drone  
  62  4:14  Overlord  
  62  4:15  Drone x4  
  65  4:19  Queen  
  65  4:23  Overlord  
  67  4:26  Zergling x10  
  67  4:30  Zergling x2  
  73  4:32  Queen  
  73  4:36  Zergling x4  
  77  4:39  Overlord  
  77  4:43  Zergling x8  
  81  4:49  Zergling x2  
  81  4:51  Overlord  
  82  4:54  Zergling x6  
  82  4:58  Zergling x2  
  86  5:01  Overlord  
  86  5:03  Spore Crawler  
  86  5:04  Spore Crawler  
  86  5:05  Spore Crawler  
  81  5:07  Lair  
  81  5:10  Overlord  
  81  5:13  Drone x7  
  85  5:19  Drone x2  
  84  5:21  Drone  
  83  5:28  Drone x4  
  86  5:36  Overlord  
  86  5:42  Overlord  
  86  5:44  Overlord  
  86  5:46  Hatchery  
  86  5:48  Zergling x4  
  87  5:53  Baneling Nest  
  87  5:55  Zergling x8  
  88  5:59  Zergling x2  
  88  6:00  Zergling x6  
  92  6:07  Drone x2  
  92  6:08  Drone  
  95  6:11  Evolution Chamber, Zergling x2  
  95  6:12  Evolution Chamber, Zergling x6  
  95  6:17  Zergling x10  
  102  6:24  Overlord  
  102  6:30  Zergling x2  
  102  6:31  Zergling x8  
  107  6:33  Extractor  
  107  6:34  Extractor  
  105  6:43  Drone x3  
  105  6:44  Drone x3  
  105  6:45  Zerg Ground Armor Level 1  
  111  6:49  Overlord  
  111  6:53  Zergling x8  
  115  6:59  Queen x3  
  121  7:01  Zergling x6  
  121  7:04  Centrifugal Hooks  
  121  7:06  Zergling x6  
  124  7:16  Zergling x16  
  124  7:19  Zerg Melee Weapons Level 1  
  132  7:23  Baneling x5  
  132  7:24  Zergling x2  
  132  7:25  Zergling x6  
  135  7:33  Zergling x12  
  140  7:40  Zergling x8  
  144  7:46  Zergling x4  
  144  7:56  Baneling x11  
  144  7:57  Zergling x12  
  147  8:05  Zergling x8  
  140  8:11  Zergling x4  
  138  8:19  Zergling x8  
  135  8:20  Zergling x2  
  135  8:25  Baneling x9  
  135  8:27  Zergling x8  
  116  8:43  Zergling x10  
  104  8:49  Drone x10  
  104  8:55  Burrow  
  113  8:56  Drone x3  
  113  9:01  Drone  
  116  9:06  Zerg Ground Armor Level 2  
  111  9:16  Zergling x16  
  111  9:17  Zergling x4  
  121  9:24  Extractor, Zerg Melee Weapons Level 2  
  121  9:25  Hatchery, Zergling x6  
  121  9:26  Zergling x4  
  121  9:30  Baneling x3  
  124  9:36  Baneling  
  124  9:42  Overlord  
  124  9:49  Zergling x22  
  124  9:52  Hatchery  
  131  9:59  Zergling x2  
  128  10:00  Zergling x16  
  128  10:01  Baneling x4  
  134  10:08  Zergling x4  
  134  10:10  Baneling x8  
  136  10:22  Zergling x2  
  136  10:23  Zergling x16  
  145  10:32  Overlord  
  145  10:34  Baneling x10  
  145  10:35  Zergling x8  
  137  10:43  Zergling x10  
  139  10:53  Zergling x8  
  139  10:54  Zergling x2  
  142  11:01  Zergling x10  
  135  11:08  Zergling x2  
  135  11:09  Zergling x4  
  137  11:18  Drone x2  
  137  11:21  Spore Crawler, Baneling  
  137  11:22  Queen, Baneling  
  137  11:24  Drone x12  
  151  11:26  Baneling x14  
  151  11:29  Hatchery  
  151  11:32  Zergling x10  
  154  11:41  Overlord  
  154  11:42  Zerg Missile Weapons Level 1  
  154  11:44  Drone x2  
  154  11:45  Infestation Pit, Drone x2  
  154  11:46  Extractor, Drone  
  157  11:52  Spore Crawler  
  157  11:53  Spore Crawler  
  154  11:59  Overlord  
  154  12:01  Drone x5  
  153  12:07  Drone x3  
  153  12:08  Drone x2  
  155  12:15  Zergling x20  
  158  12:16  Baneling x3  
  158  12:20  Queen  
  162  12:25  Zergling x8  
  166  12:34  Overlord  
  166  12:36  Zergling x8  
  166  12:43  Zergling x2  
  166  12:44  Zergling x8  
  159  12:49  Hydralisk Den  
  143  12:55  Zergling x2  
  143  12:56  Zergling x20  
  143  12:57  Pneumatized Carapace, Overseer  
  154  13:01  Hive  
  138  13:15  Zergling x20  
  138  13:18  Zergling x2  
  138  13:19  Zergling x2  
  145  13:22  Queen  
  145  13:23  Queen, Hydralisk  
  145  13:24  Hydralisk x2  
  145  13:25  Overseer  
  154  13:34  Zergling x4  
  154  13:36  Baneling x8, Hydralisk x5  
  154  13:39  Zergling x18  
  154  13:40  Baneling x2  
  172  13:44  Hatchery  
  172  13:47  Baneling x4  
  172  13:48  Zergling x8  
  146  13:56  Zergling x4  
  146  14:00  Hydralisk x3  
Show
View Real Time Build Order
Export as new Build Order

ByuN Terran - Winner!

Build Orders: Banshee Rush 

Get SALT Encoding   

  12  0:00  SCV  
  13  0:12  SCV  
  14  0:17  Supply Depot  
  14  0:24  SCV  
  15  0:38  SCV  
  15  0:41  Barracks  
  16  0:51  SCV  
  16  0:52  Refinery  
  17  1:03  SCV  
  18  1:15  SCV  
  19  1:27  Marine  
  19  1:28  Orbital Command  
  20  1:37  Command Center  
  20  1:45  Marine  
  21  1:48  Supply Depot  
  21  1:54  SCV  
  22  2:03  Factory  
  22  2:06  SCV  
  23  2:12  Refinery  
  23  2:18  SCV  
  24  2:30  SCV  
  25  2:40  Barracks Reactor  
  25  2:42  SCV  
  26  2:47  Starport, Factory Tech Lab  
  26  2:49  Orbital Command  
  26  2:51  Bunker  
  26  2:54  SCV  
  27  3:00  Barracks  
  27  3:06  SCV  
  28  3:15  Marine, SCV  
  28  3:16  Marine  
  28  3:18  SCV  
  32  3:21  Supply Depot  
  32  3:30  Cloaking Field, Banshee  
  32  3:32  SCV  
  32  3:33  SCV  
  37  3:38  Marine x2  
  39  3:46  SCV x2  
  39  3:47  Barracks Tech Lab  
  41  3:50  Supply Depot  
  41  3:52  Refinery  
  41  3:56  Marine x2  
  41  3:58  Factory Reactor, SCV x2  
  45  4:03  Engineering Bay  
  45  4:07  Stimpack  
  45  4:08  Marine  
  46  4:11  SCV x2  
  46  4:15  Marine  
  46  4:16  Marine  
  50  4:23  SCV x2  
  52  4:26  Marine  
  52  4:27  Supply Depot  
  53  4:33  Terran Infantry Weapons Level 1  
  53  4:35  Marine x2, SCV  
  53  4:36  SCV  
  57  4:42  Supply Depot  
  57  4:48  SCV x2  
  59  4:53  Siege Tank  
  59  4:55  Medivac  
  59  4:56  Medivac  
  59  4:58  Marine  
  67  5:00  Barracks  
  67  5:01  Marine  
  67  5:04  Marine  
  67  5:06  SCV x2  
  71  5:14  Supply Depot  
  71  5:18  Marine  
  71  5:19  Marine  
  73  5:22  Marine  
  73  5:23  SCV x2  
  73  5:24  Refinery  
  76  5:32  Siege Tank  
  76  5:35  SCV, Starport Reactor  
  80  5:36  Marine  
  80  5:37  Marine  
  80  5:39  Marine  
  84  5:49  Command Center  
  80  5:52  Supply Depot  
  80  5:56  Marine x4  
  84  5:57  Marine  
  84  5:58  Combat Shield  
  85  6:06  Siege Tank  
  85  6:08  SCV x2  
  90  6:19  Supply Depot  
  90  6:20  Marine x3  
  90  6:21  Marine x2  
  90  6:24  Medivac  
  97  6:26  Medivac  
  97  6:27  Terran Infantry Armor Level 1  
  99  6:38  Marine  
  100  6:42  SCV x2  
  100  6:44  Marine x3  
  100  6:46  Barracks  
  105  6:49  Barracks  
  105  6:50  Siege Tank  
  108  6:56  Marine x2  
  110  7:02  Marine x3  
  113  7:10  Orbital Command  
  113  7:11  Supply Depot  
  113  7:13  SCV x2, Supply Depot  
  113  7:14  Marine x2  
  120  7:22  Siege Tank  
  120  7:30  Marine x3  
  120  7:31  Marine  
  120  7:32  Marine  
  125  7:40  Barracks Reactor x2, Armory  
  125  7:42  Engineering Bay  
  125  7:47  Marine  
  125  7:48  Marine x2  
  125  7:49  Marine  
  129  7:54  Marine  
  127  8:05  Marine x2  
  127  8:06  Marine  
  127  8:07  Marine  
  127  8:09  Siege Tank  
  127  8:12  Marine  
  131  8:21  SCV  
  131  8:22  Medivac x2  
  131  8:23  Marine x2  
  138  8:31  Orbital Command  
  136  8:45  Marine  
  136  8:46  Marine x2  
  119  8:50  SCV x2  
  119  8:51  Siege Tank, Terran Infantry Weapons Level 2, Terran Infantry Armor Level 2  
  119  8:53  Terran Vehicle Weapons Level 1  
  124  8:58  SCV  
  124  9:00  Medivac x2  
  124  9:02  Marine x2, SCV x2  
  133  9:10  Marine x5  
  133  9:11  Marine  
  133  9:16  Supply Depot  
  139  9:25  Command Center  
  139  9:27  Marine x2  
  141  9:32  Supply Depot  
  141  9:33  Supply Depot  
  141  9:37  Marine x4  
  145  9:40  Siege Tank  
  148  9:51  Medivac  
  148  9:53  Medivac  
  148  9:58  Marine x6  
  148  9:59  Marine  
  147  10:08  Factory  
  147  10:12  Siege Tank, Supply Depot  
  150  10:20  Marine x3  
  150  10:21  Marine x4, Liberator  
  157  10:22  Marine  
  157  10:23  Liberator  
  157  10:25  Marine  
  165  10:30  Barracks  
  165  10:31  Barracks x2  
  165  10:41  SCV x2  
  161  10:44  Siege Tank  
  161  10:45  Marine  
  161  10:47  Marine  
  161  10:48  Marine  
  167  10:50  Marine  
  167  10:51  Marine x2  
  167  10:53  Marine  
  167  10:54  Marine  
  172  11:01  Marine  
  172  11:03  Marine  
  139  11:05  Marine  
  139  11:06  Marine  
  139  11:08  Marine x3  
  139  11:11  Marine, Factory Reactor  
  139  11:12  Marine  
  143  11:19  Marine  
  143  11:21  Marine, Widow Mine, Barracks Tech Lab x2  
  143  11:22  Barracks Tech Lab  
  143  11:23  Marine, SCV x3  
  143  11:24  Terran Infantry Armor Level 3, Terran Infantry Weapons Level 3  
  148  11:29  Refinery  
  148  11:31  Marine x3  
  148  11:32  Marine x3  
  154  11:37  Planetary Fortress  
  154  11:38  Marauder  
  156  11:44  Widow Mine  
  158  11:50  Widow Mine x2  
  161  12:02  Marauder  
  161  12:04  Marine  
  161  12:05  Marine x4  
  161  12:06  Marauder  
  174  12:08  Marauder x2  
  174  12:10  Widow Mine  
  174  12:11  Medivac x2, Widow Mine x2  
  171  12:23  Marauder  
  171  12:26  Marine x4  
  171  12:27  Marine x3  
  171  12:28  Marauder  
  184  12:30  Marauder x2  
  184  12:36  Widow Mine  
  175  12:45  Marauder  
  175  12:46  Marine x5  
  175  12:47  Marine  
  175  12:49  Marauder  
  183  12:51  Marauder x2  
  183  12:53  SCV x3  
  186  13:06  Marauder  
  186  13:08  Marine  
  186  13:09  Marine  
  186  13:10  Marine x3  
  186  13:11  Marauder  
  184  13:12  Marauder  
  184  13:13  Marauder  
  184  13:14  Marine x2  
  184  13:18  Marine  
  186  13:20  Widow Mine x2  
  186  13:26  Concussive Shells, Marine x2  
  188  13:29  Marine x2  
  188  13:43  Command Center, Supply Depot  
  188  13:53  Marauder  
  188  13:54  Medivac x2, Marauder x3, Marine x2  
  188  13:55  Marine x2, Widow Mine  
  188  13:56  Marine x3  
  188  13:57  Marine  
  188  13:59  Widow Mine x2  
Tags
 
Add a new tag
Caveats
  • Supply blocks, unpowered buildings, or Contaminate may cause inaccurate times.
  • Supply counts are checked every 10 seconds.